APL (24 & UNDER)
DETROIT DIRTY SNOW @ SAVANNAH HOGS
08/26/2029
 
TOP OF THE 1ST
Detroit Dirty Snow batting - Pitching for Savannah Hogs : RHP John Allen
Pitching: RHP John Allen
Batting: SHB Martin Goodwin 0-0: Ball
1-0: Ball
2-0: Called Strike
2-1: Ball
3-1: Fly out, F3 (Line Drive, 3S)
Batting: LHB Francisco Medina 0-0: Ball
1-0: Foul Ball, location: 2F
1-1: Foul Ball, location: 2F
1-2: Strikes out swinging
Batting: RHB Guo-liang Lian 0-0: Foul Ball, location: 2F
0-1: Called Strike
0-2: Fly out, F4 (Popup, 4)
Top of the 1st over - 0 runs, 0 hits, 0 errors, 0 left on base; Detroit 0 - Savannah 0
BOTTOM OF THE 1ST
Savannah Hogs batting - Pitching for Detroit Dirty Snow : RHP Chuck Sepúlveda
Pitching: RHP Chuck Sepúlveda
Batting: RHB Luis Mercado 0-0: Ball
1-0: SINGLE (Line Drive, 89M)
Batting: LHB Alberto Castellanos 0-0: Ball
1-0: Foul Ball, location: 2F
1-1: Ball
2-1: Swinging Strike
2-2: Ball
3-2: Foul Ball, location: 2F
3-2: Foul Ball, location: 2F
3-2: Strikes out swinging
Luis Mercado is caught stealing 2nd base
Batter strikes out.
Batting: RHB Pedro Zavala 0-0: Ball
1-0: Fly out, F7 (Flyball, 7D)
Bottom of the 1st over - 0 runs, 1 hit, 0 errors, 0 left on base; Detroit 0 - Savannah 0
TOP OF THE 2ND
Detroit Dirty Snow batting - Pitching for Savannah Hogs : RHP John Allen
Batting: LHB Luis Salazar 0-0: Called Strike
0-1: Ball
1-1: Ball
2-1: Swinging Strike
2-2: Ball
3-2: Strikes out swinging
Batting: RHB Paul Liddle 0-0: Called Strike
0-1: Fly out, F9 (Flyball, 89D)
Batting: RHB António Aguilera 0-0: Called Strike
0-1: Ball
1-1: Foul Ball, location: 2F
1-2: Strikes out swinging
Top of the 2nd over - 0 runs, 0 hits, 0 errors, 0 left on base; Detroit 0 - Savannah 0
BOTTOM OF THE 2ND
Savannah Hogs batting - Pitching for Detroit Dirty Snow : RHP Chuck Sepúlveda
Batting: RHB Jorge Chávez 0-0: Ball
1-0: Foul Ball, location: 2F
1-1: Ball
2-1: Foul Ball, location: 2F
2-2: Strikes out swinging
Batting: LHB António Gutiérrez 0-0: Foul Ball, location: 2F
0-1: Ball
1-1: Fly out, F9 (Flyball, 9S)
Batting: SHB Juan Chávez 0-0: Called Strike
0-1: Ground out 4-3 (Groundball, 34)
Bottom of the 2nd over - 0 runs, 0 hits, 0 errors, 0 left on base; Detroit 0 - Savannah 0
TOP OF THE 3RD
Detroit Dirty Snow batting - Pitching for Savannah Hogs : RHP John Allen
Batting: RHB Carlos Rocha 0-0: Called Strike
0-1: Fly out, F9 (Flyball, 89S)
Batting: LHB Lee Jenkins 0-0: Called Strike
0-1: Ball
1-1: Ball
2-1: Ball
3-1: Ground out U3 (Groundball, 3L)
Batting: RHB Albert Cortéz 0-0: Called Strike
0-1: Ball
1-1: Ball
2-1: Foul Ball, location: 2F
2-2: Foul Ball, location: 2F
2-2: Foul Ball, location: 2F
2-2: Ball
3-2: Foul Ball, location: 2F
3-2: Strikes out swinging
Top of the 3rd over - 0 runs, 0 hits, 0 errors, 0 left on base; Detroit 0 - Savannah 0
BOTTOM OF THE 3RD
Savannah Hogs batting - Pitching for Detroit Dirty Snow : RHP Chuck Sepúlveda
Batting: RHB Richard Cardoza 0-0: Called Strike
0-1: Fly out, F5 (Line Drive, 56S)
Batting: RHB Rick Holman 0-0: Fly out, F9 (Flyball, 9)
Batting: RHB Júlio Contreras 0-0: Ball
1-0: Foul Ball, location: 2F
1-1: Swinging Strike
1-2: Foul Ball, location: 2F
1-2: Strikes out looking
Bottom of the 3rd over - 0 runs, 0 hits, 0 errors, 0 left on base; Detroit 0 - Savannah 0
TOP OF THE 4TH
Detroit Dirty Snow batting - Pitching for Savannah Hogs : RHP John Allen
Batting: SHB Martin Goodwin 0-0: Ball
1-0: Called Strike
1-1: Ground out 4-3 (Groundball, 34)
Batting: LHB Francisco Medina 0-0: Ball
1-0: Called Strike
1-1: Swinging Strike
1-2: Hit by Pitch
Batting: RHB Guo-liang Lian 0-0: Ball
1-0: Ball
2-0: Called Strike
2-1: Foul Ball, location: 2F
2-2: Grounds into double play, 6-4-3 (Groundball, 6)
Top of the 4th over - 0 runs, 0 hits, 0 errors, 0 left on base; Detroit 0 - Savannah 0
BOTTOM OF THE 4TH
Savannah Hogs batting - Pitching for Detroit Dirty Snow : RHP Chuck Sepúlveda
Batting: RHB Luis Mercado 0-0: Called Strike
0-1: Ball
1-1: Ball
2-1: Swinging Strike
2-2: Ball
3-2: Foul Ball, location: 2F
3-2: Foul Ball, location: 2F
3-2: Strikes out swinging
Batting: LHB Alberto Castellanos 0-0: Ball
1-0: Called Strike
1-1: Foul Ball, location: 2F
1-2: Strikes out looking
Batting: RHB Pedro Zavala 0-0: Ball
1-0: Ball
2-0: Ball
3-0: Called Strike
3-1: Fly out, F7 (Flyball, 78D)
Bottom of the 4th over - 0 runs, 0 hits, 0 errors, 0 left on base; Detroit 0 - Savannah 0
TOP OF THE 5TH
Detroit Dirty Snow batting - Pitching for Savannah Hogs : RHP John Allen
Batting: LHB Luis Salazar 0-0: Ball
1-0: SINGLE (Groundball, 34D)
Batting: RHB Paul Liddle 0-0: 2-RUN HOME RUN (Flyball, 7D), Distance : 370 ft
Batting: RHB António Aguilera 0-0: Ball
1-0: Ball
2-0: Called Strike
2-1: Ground out 6-3 (Groundball, 6)
Batting: RHB Carlos Rocha 0-0: Called Strike
0-1: Foul Ball, location: 2F
0-2: Ball
1-2: Ground out 5-3 (Groundball, 56S)
Batting: LHB Lee Jenkins 0-0: SINGLE (Groundball, 6D)
Batting: RHB Albert Cortéz 0-0: Ball
1-0: Ball
2-0: Foul Ball, location: 2F
2-1: 2-RUN HOME RUN (Line Drive, 7D), Distance : 374 ft
Batting: SHB Martin Goodwin 0-0: Called Strike
0-1: Called Strike
0-2: Ball
1-2: Foul Ball, location: 2F
1-2: Ball
2-2: Ball
3-2: Ground out 4-3 (Groundball, 4)
Top of the 5th over - 4 runs, 4 hits, 0 errors, 0 left on base; Detroit 4 - Savannah 0
BOTTOM OF THE 5TH
Savannah Hogs batting - Pitching for Detroit Dirty Snow : RHP Chuck Sepúlveda
Batting: RHB Jorge Chávez 0-0: Ball
1-0: Ball
2-0: SINGLE (Line Drive, 56D)
Batting: LHB António Gutiérrez 0-0: Ball
1-0: Called Strike
1-1: Foul Ball, location: 2F
1-2: Strikes out swinging
Batting: SHB Juan Chávez 0-0: Ball
Jorge Chávez steals 2nd base
1-0: Foul Ball, location: 2F
1-1: Called Strike
1-2: Strikes out swinging
Batting: RHB Richard Cardoza 0-0: Called Strike
0-1: Foul Ball, location: 2F
0-2: Ball
1-2: SINGLE (Groundball, 56D)
Jorge Chávez to third
Runner from 3rd tries for Home, SAFE, no throw
Batting: RHB Rick Holman 0-0: Ball
1-0: Ball
2-0: SINGLE (Groundball, 56S) (infield hit)
Richard Cardoza to second
Batting: RHB Júlio Contreras 0-0: SINGLE (Groundball, 6MD)
Richard Cardoza to third
Rick Holman to second
Runner from 3rd tries for Home, SAFE, no throw
Batting: RHB Luis Mercado 0-0: Called Strike
0-1: Ball
1-1: SINGLE (Line Drive, 6M)
Rick Holman to third
Júlio Contreras to second
Batting: LHB Alberto Castellanos 0-0: SINGLE (Groundball, 4D)
Rick Holman scores
Júlio Contreras to third
Luis Mercado to second
Runner from 3rd tries for Home, SAFE, throw made home
Batting: RHB Pedro Zavala 0-0: Foul Ball, location: 2F
0-1: Foul Ball, location: 2F
0-2: Ball
1-2: Ball
2-2: Ball
3-2: Foul Ball, location: 2F
3-2: Strikes out swinging
Bottom of the 5th over - 4 runs, 6 hits, 0 errors, 2 left on base; Detroit 4 - Savannah 4
TOP OF THE 6TH
Detroit Dirty Snow batting - Pitching for Savannah Hogs : RHP John Allen
Batting: LHB Francisco Medina 0-0: Ball
1-0: Foul Ball, location: 2F
1-1: Called Strike
1-2: Foul Ball, location: 2F
1-2: Fly out, F3 (Popup, 34)
Batting: RHB Guo-liang Lian 0-0: SINGLE (Line Drive, 56D)
Batting: LHB Luis Salazar 0-0: Called Strike
0-1: Ball
1-1: Called Strike
1-2: Ball
2-2: Foul Ball, location: 2F
2-2: Foul Ball, location: 2F
2-2: Fly out, F4 (Flyball, 34D)
Batting: RHB Paul Liddle 0-0: Ball
1-0: Ball
2-0: Foul Ball, location: 2F
2-1: Fielders Choice at 2nd, 6-4 (Groundball, 56)
Top of the 6th over - 0 runs, 1 hit, 0 errors, 1 left on base; Detroit 4 - Savannah 4
BOTTOM OF THE 6TH
Savannah Hogs batting - Pitching for Detroit Dirty Snow : RHP Chuck Sepúlveda
Batting: RHB Jorge Chávez 0-0: Ball
1-0: Foul Ball, location: 2F
1-1: Ball
2-1: Fly out, F8 (Flyball, 89D)
Pitching: RHP Mark Messier
Batting: LHB António Gutiérrez 0-0: Ball
1-0: Swinging Strike
1-1: Foul Ball, location: 2F
1-2: Ball
2-2: Ball
3-2: Foul Ball, location: 2F
3-2: Foul Ball, location: 2F
3-2: Foul Ball, location: 2F
3-2: Foul Ball, location: 2F
3-2: Ground out U3 (Groundball, 3)
Batting: SHB Juan Chávez 0-0: Foul Ball, location: 2F
0-1: DOUBLE (Line Drive, 9LM)
Batting: RHB Richard Cardoza 0-0: Ball
1-0: Ball
2-0: Called Strike
2-1: Fly out, F7 (Flyball, 7D)
Bottom of the 6th over - 0 runs, 1 hit, 0 errors, 1 left on base; Detroit 4 - Savannah 4
TOP OF THE 7TH
Detroit Dirty Snow batting - Pitching for Savannah Hogs : RHP John Allen
Batting: RHB António Aguilera 0-0: Foul Ball, location: 2F
0-1: SINGLE (Line Drive, 56D)
Batting: RHB Carlos Rocha 0-0: Ball
António Aguilera steals 2nd base
1-0: DOUBLE (Line Drive, 7LM)
António Aguilera scores
Batting: LHB Lee Jenkins 0-0: Intentional Walk
Pitching: RHP Jeff Nelson
Batting: RHB Albert Cortéz 0-0: Ball
1-0: Called Strike
1-1: Called Strike
1-2: Ball
2-2: Foul Ball, location: 2F
2-2: Foul Ball, location: 2F
2-2: Foul Ball, location: 2F
2-2: Strikes out looking
Batting: SHB Martin Goodwin 0-0: Ball
1-0: Grounds into double play, 4-6-3 (Groundball, 4)
Top of the 7th over - 1 run, 2 hits, 0 errors, 1 left on base; Detroit 5 - Savannah 4
BOTTOM OF THE 7TH
Savannah Hogs batting - Pitching for Detroit Dirty Snow : RHP Mark Messier
Batting: RHB Rick Holman 0-0: Called Strike
0-1: Ball
1-1: Fly out, F9 (Flyball, 89M)
Batting: RHB Júlio Contreras 0-0: SINGLE (Groundball, 56) (infield hit)
Pinch Hitting: LHB Felipe Franco 0-0: Ball
1-0: Called Strike
1-1: Ball
2-1: Called Strike
2-2: Fly out, F4 (Popup, 13)
Batting: LHB Alberto Castellanos 0-0: Swinging Strike
0-1: Ball
1-1: Swinging Strike
1-2: Foul Ball, location: 2F
1-2: Ball
Júlio Contreras steals 2nd base
2-2: Foul Ball, location: 2F
2-2: Foul Ball, location: 2F
2-2: Foul Ball, location: 2F
2-2: Foul Ball, location: 2F
2-2: Ground out 4-3 (Groundball, 4)
Bottom of the 7th over - 0 runs, 1 hit, 0 errors, 1 left on base; Detroit 5 - Savannah 4
TOP OF THE 8TH
Detroit Dirty Snow batting - Pitching for Savannah Hogs : RHP Jeff Nelson
Pitching: RHP Yalew Omwancha
Now at 2B: Juan Morales
Batting: LHB Francisco Medina 0-0: Ball
1-0: Ball
2-0: Ball
3-0: Base on Balls
Pinch Hitting: RHB Manuel Flores 0-0: Called Strike
0-1: Hit by Pitch
Francisco Medina to second
Batting: LHB Luis Salazar 0-0: Called Strike
0-1: Ball
1-1: Called Strike
1-2: Ball
2-2: Strikes out looking
Batting: RHB Paul Liddle 0-0: SINGLE (Groundball, 6MD)
Francisco Medina to third
Manuel Flores to second
Runner from 3rd tries for Home, SAFE, no throw
Batting: RHB António Aguilera 0-0: Called Strike
0-1: Foul Ball, location: 2F
0-2: Ball
1-2: Ball
2-2: Strikes out looking
Batting: RHB Carlos Rocha 0-0: Called Strike
0-1: Fielders Choice at 2nd, 6-4 (Groundball, 6)
Top of the 8th over - 1 run, 1 hit, 0 errors, 2 left on base; Detroit 6 - Savannah 4
BOTTOM OF THE 8TH
Savannah Hogs batting - Pitching for Detroit Dirty Snow : RHP Mark Messier
Now in CF: Wosene Garane
Batting: RHB Pedro Zavala 0-0: Ball
1-0: Foul Ball, location: 2F
1-1: Ball
2-1: Foul Ball, location: 2F
2-2: Ball
3-2: Hit by Pitch
Batting: RHB Jorge Chávez 0-0: Called Strike
0-1: SINGLE (Groundball, 4MD)
Pedro Zavala to second
Runner from 2nd tries for 3rd, SAFE, no throw
Batting: LHB António Gutiérrez 0-0: Ball
1-0: Ball
2-0: Ball
3-0: Called Strike
3-1: Base on Balls
Jorge Chávez to second
Batting: SHB Juan Chávez 0-0: SINGLE (Groundball, 5D)
Pedro Zavala scores
Jorge Chávez to third
António Gutiérrez to second
Runner from 3rd tries for Home, SAFE, no throw
Pinch Hitting: RHB Tucker Cooper 0-0: Ball
1-0: DOUBLE (Line Drive, 8LXD)
António Gutiérrez scores
Juan Chávez to third
Batting: RHB Rick Holman 0-0: Intentional Walk
Pitching: LHP Jorge Luna
Pinch Hitting: RHB Orlando Márquez 0-0: Called Strike
0-1: Swinging Strike
0-2: Ball
1-2: Foul Ball, location: 2F
1-2: Foul Ball, location: 2F
1-2: Foul Ball, location: 2F
1-2: Foul Ball, location: 2F
1-2: Fly out, F5 (Popup, 25F)
Pinch Hitting: RHB Wilson Ortíz 0-0: Foul Ball, location: 2F
0-1: Ball
1-1: Ball
2-1: Called Strike
2-2: Strikes out swinging
Batting: LHB Alberto Castellanos 0-0: Ball
1-0: Swinging Strike
1-1: Ball
2-1: Swinging Strike
2-2: Fielders Choice at 2nd, U4 (Groundball, 4M)
Bottom of the 8th over - 3 runs, 3 hits, 0 errors, 3 left on base; Detroit 6 - Savannah 7
TOP OF THE 9TH
Detroit Dirty Snow batting - Pitching for Savannah Hogs : RHP Yalew Omwancha
Now at 1B: Tucker Cooper
Now at 2B: Juan Soriano
Now at SS: António Rodríguez
Batting: LHB Lee Jenkins 0-0: Fly out, F7 (Flyball, 7LD)
Batting: RHB Albert Cortéz 0-0: Ball
1-0: Ground out 5-3 (Groundball, 56)
Batting: SHB Martin Goodwin 0-0: Ball
1-0: Ball
2-0: Ball
3-0: Called Strike
3-1: Swinging Strike
3-2: Strikes out looking
Top of the 9th over - 0 runs, 0 hits, 0 errors, 0 left on base; Detroit 6 - Savannah 7
Saturday, December 16th, 2017 - OOTP Baseball 18.8 Build 76